 Dungeon Crawl Stone Soup version 0.26-a0-812-g31a745ddcd (webtiles) character file.

Game seed: 10016437842360096683

35104 Arthanis the Cleaver (level 13, -23/87 HPs)
             Began as a Gargoyle Berserker on Nov 14, 2020.
             Was an Elder of Trog.
             Annihilated by a spriggan berserker
             ... wielding a +0 antimagic rapier
              (28 damage)
             ... on level 14 of the Dungeon.
             The game lasted 00:21:59 (13810 turns).

Arthanis the Cleaver (Gargoyle Berserker)          Turns: 13810, Time: 00:21:59

Health: -23/87     AC: 30    Str: 20    XL:     13   Next: 81%
Magic:  13/13      EV:  8    Int: 14    God:    Trog [****..]
Gold:   508        SH: 14    Dex: 15    Spells: 12/12 levels left

rFire    . . .     SeeInvis .   a - +7 broad axe
rCold    . . .     Faith    .   f - +0 tower shield
rNeg     + . .     Spirit   .   X - +0 plate armour
rPois    ∞         Reflect  .   k - +0 helmet
rElec    +         Harm     .   T - +1 cloak
rCorr    .         Rampage  .   H - +0 pair of gloves
MR       .....                  h - +0 pair of boots
Stlth    ..........             K - amulet of regeneration
HPRegen  0.64/turn              O - +6 ring of dexterity
MPRegen  0.13/turn              M - +4 ring of evasion

@: about to teleport, berserk cooldown, slowed, very slow
A: negative energy resistance 1, electricity resistance, unbreathing,
petrification resistance, rot immunity, AC +9
a: Berserk, Trog's Hand, Brothers in Arms, Renounce Religion


You were on level 14 of the Dungeon.
You worshipped Trog.
Trog was greatly pleased with you.
You visited 1 branch of the dungeon, and saw 14 of its levels.

You collected 853 gold pieces.
You spent 345 gold pieces at shops.

Inventory:

Hand Weapons
 a - a +7 broad axe (weapon)
 b - a +1 hand axe of flaming
 c - a +0 antimagic broad axe
 u - a +2 trident of flaming
 E - a +0 trident of venom
Missiles
 J - 5 throwing nets (quivered)
Armour
 f - a +0 tower shield (worn)
 h - a +0 pair of boots (worn)
 k - a +0 helmet (worn)
 H - a +0 pair of gloves (worn)
 T - a +1 cloak (worn)
 X - a +0 plate armour (worn)
Jewellery
 d - an uncursed ring of see invisible
 K - an amulet of regeneration (around neck)
 M - a +4 ring of evasion (right hand)
 O - a +6 ring of dexterity (left hand)
Wands
 y - a wand of iceblast (12)
 F - a wand of digging (6)
 Q - a wand of disintegration (19)
 U - a wand of polymorph (12)
 Y - a wand of acid (10)
Scrolls
 e - 2 scrolls of magic mapping
 i - 6 scrolls of remove curse
 j - a scroll of brand weapon {unknown}
 l - 3 scrolls of fog
 o - 2 scrolls of immolation
 p - 4 scrolls of teleportation
 v - 3 scrolls of blinking
 B - 3 scrolls of enchant armour
 G - 4 scrolls of fear
 L - a scroll of enchant weapon
 P - 2 scrolls of holy word
Potions
 g - 4 potions of curing {unknown}
 m - 4 potions of degeneration {unknown}
 n - 2 potions of haste {unknown}
 r - a potion of brilliance {unknown}
 t - 4 potions of heal wounds {unknown}
 w - 8 potions of ambrosia
 x - 2 potions of invisibility
 z - a potion of magic {unknown}
 A - 2 potions of resistance {unknown}
 I - a potion of cancellation {unknown}
 N - 2 potions of mutation {unknown}
 R - a potion of attraction {unknown}
 S - 2 potions of lignification {unknown}
 W - a potion of might {unknown}


   Skills:
 + Level 12.8 Fighting
 * Level 14.7 Axes
 + Level 9.1 Armour
 + Level 3.8 Dodging
 - Level 4.0 Shields
 + Level 6.4 Evocations


You had 12 spell levels left.
You didn't know any spells.
Your spell library contained the following spells:

 Spells                   Type           Power        Failure   Level
 Beastly Appendage        Tmut           #.....       100%        1
 Corona                   Hex            #......      100%        1
 Magic Dart               Conj           #...         100%        1
 Sandblast                Erth           #.....       100%        1
 Blink                    Tloc           N/A          100%        2
 Call Imp                 Summ           #.......     100%        2
 Passwall                 Tmut/Erth      #.......     100%        2
 Slow                     Hex            #.......     100%        2
 Wereblood                Tmut           #.......     100%        2
 Confusing Touch          Hex            #.......     100%        3
 Conjure Flame            Conj/Fire      #.......     100%        3
 Gell's Gravitas          Tloc           #.........   100%        3
 Inner Flame              Hex/Fire       #.......     100%        3
 Mephitic Cloud           Conj/Pois/Air  #.......     100%        3
 Portal Projectile        Hex/Tloc       #.....       100%        3
 Spider Form              Tmut/Pois      #.........   100%        3
 Stone Arrow              Conj/Erth      #.....       100%        3
 Cause Fear               Hex            #.........   100%        4
 Ice Form                 Ice/Tmut       #.......     100%        4
 Leda's Liquefaction      Hex/Erth       #.........   100%        4
 Petrify                  Tmut/Erth      #.......     100%        4
 Blade Hands              Tmut           #.........   100%        5
 Lee's Rapid Deconstruct  Erth           #.........   100%        5
 Metabolic Englaciation   Hex/Ice        #.........   100%        5
 Yara's Violent Unravell  Hex/Tmut       #.........   100%        5


Dungeon Overview and Level Annotations

Branches:
Dungeon (14/15)            Temple (0/1) D:7            Lair (0/6) D:10
    Orc (0/2) D:10         Vaults (0/5) D:13

Altars:
Elyvilon
Fedhas
Gozag
Kikubaaqudgha
Makhleb
Okawaru
Qazlal
Sif Muna
Trog
Uskayaw
Vehumet
Wu Jian
Xom
Yredelemnul
The Shining One
Beogh

Shops:
D:6 (   D:12 ?

Portals:
Trove: D:13 (show slimy rune of Zot)

Annotations:
D:11 2 transporters, Queen's ghost, journeyman DrSu
D:12 2 transporters, azazuza's ghost, journeyman DDFi


Innate Abilities, Weirdness & Mutations

You are resistant to torment.
Your stone body is resilient. (AC +9)
You are immune to poison.
You resist negative energy. (rN+)
You are resistant to electric shocks. (rElec)
You can survive without breathing.
You are immune to petrification.
You are immune to rotting.


Message History

The spriggan berserker is moderately wounded.
You hit the death yak.
Your skin stops crawling.
You feel less resistant to hostile enchantments.
You block the death yak's attack.
The death yak rages.
The kobold demonologist casts a spell.
The spriggan berserker utters an invocation to Trog.
The death yak gores you.
The spriggan berserker mumbles some strange prayers to Trog.
The spriggan berserker goes berserk!
The kobold demonologist gestures wildly while chanting.
The death yak gores you!!
* * * LOW HITPOINT WARNING * * *
Okay, then.
As you read the scroll of teleportation, it crumbles to dust.
You feel strangely unstable.
The death yak is no longer covered in acid.
The spriggan berserker hits you with a +0 antimagic rapier!!
You die...

#()#..............####
##...)............i)..
###...............)).
#..............##.##
#.#.............#.
#....♣♣.....♣♣....
#..)♣♣...#.(. ...
##..♣..#...#..♣..#
#.@♣....)....♣..
#iY♣..#. .#..♣ #hY♣♣
#4iK♣♣ ##K5.♣♣ ##55.♣
#........ #.#..4K..
#........ .


You could see 2 death yaks, 2 spriggan berserkers, an orange demon (summoned), a
polar bear (summoned, berserk), a kobold demonologist, a quasit (summoned), 2
shadow imps and a kobold.

Vanquished Creatures
  Rupert (D:12)
  A sphinx (D:11)
  Agnes (D:14)
  Harold (D:7)
  3 hydras
  3 boulder beetles
  2 two-headed ogres (D:13)
  2 dancing weapons (D:13)
  Erica (D:8)
  2 spriggan berserkers (D:14)
  An unseen horror (D:11)
  A deep elf mage (D:11)
  A wolf spider zombie (D:14)
  3 manticores
  2 cyclopes (D:14)
  A gargoyle (D:13)
  A kobold demonologist (D:14)
  A queen bee (D:11)
  4 meliai
  2 trolls (D:10)
  A meliai zombie (D:13)
  5 slime creatures (D:13)
  2 dream sheep (D:9)
  15 yaks
  4 wyverns
  A wraith (D:11)
  Grum (D:8)
  A basilisk (D:9)
  5 vampire mosquitoes
  Menkaure (D:7)
  2 wargs (D:10)
  3 water moccasins
  2 acid dragons
  6 orc warriors
  A sky beast (D:11)
  3 ice beasts
  A black bear (D:6)
  An eye of draining (D:14)
  A hornet zombie (D:13)
  6 ogres
  2 wolves (D:8)
  12 centaurs
  4 big kobolds
  12 bullfrogs
  2 gnoll sergeants
  3 scorpions
  A water moccasin skeleton (D:12)
  40 killer bees
  9 wights
  An electric eel (D:7)
  2 bullfrog zombies (D:13)
  2 centaur skeletons
  5 jellies
  A quasit (D:5)
  10 orc priests
  10 hounds
  2 bullfrog skeletons
  2 iguanas
  10 orc wizards
  9 worker ants
  The ghost of p0werm0de the Shield-Bearer, a weakling DDFi (D:5)
  A hound skeleton (D:7)
  Robin (D:2)
  16 gnolls
  17 adders
  3 shadow imps
  2 white imps
  2 ufetubi
  An ooze (D:3)
  An adder zombie (D:7)
  An adder skeleton (D:4)
  2 worms
  2 dart slugs
  8 leopard geckos
  50 orcs
  5 ball pythons
  8 bats
  2 giant cockroaches
  21 goblins
  13 hobgoblins
  16 jackals
  7 quokkas
  7 frilled lizards
  A giant cockroach zombie (D:5)
  14 kobolds
  A leopard gecko skeleton (D:4)
  7 rats
  A rat zombie (D:8)
446 creatures vanquished.

Vanquished Creatures (collateral kills)
  A yaktaur captain (D:11)
  A boulder beetle (D:11)
  A hound (D:11)
  A worker ant (D:11)
4 creatures vanquished.

Vanquished Creatures (others)
  A howler monkey (D:6)
  A worker ant (D:4)
  2 adders (D:4)
  2 worms (D:4)
  A giant cockroach (D:4)
  A fungus (D:2)
  36 plants
44 creatures vanquished.

Grand Total: 494 creatures vanquished

Notes
Turn   | Place    | Note
-------+----------+-------------------------------------------
     0 | D:1      | Arthanis the Gargoyle Berserker began the quest for the
                  | Orb.
     0 | D:1      | Reached XP level 1. HP: 14/14 MP: 1/1
    25 | D:1      | You fall into a shaft and drop 1 floor!
    32 | D:2      | Reached XP level 2. HP: 19/19 MP: 2/2
    58 | D:2      | Reached skill level 3 in Axes
   131 | D:2      | Reached XP level 3. HP: 9/23 MP: 3/3
   667 | D:2      | Reached ** piety under Trog
   865 | D:1      | Reached XP level 4. HP: 29/29 MP: 4/4
  1226 | D:1      | Reached skill level 1 in Shields
  1390 | D:2      | Noticed Robin
  1403 | D:2      | Killed Robin
  1763 | D:2      | Reached XP level 5. HP: 33/33 MP: 5/5
  1855 | D:2      | Reached *** piety under Trog
  2049 | D:3      | Reached skill level 4 in Axes
  2530 | D:3      | Found a basalt altar of Yredelemnul.
  2574 | D:3      | Reached XP level 6. HP: 36/38 MP: 6/6
  3027 | D:4      | Reached **** piety under Trog
  3569 | D:4      | Found a shimmering altar of Xom.
  3625 | D:4      | Found a hide-covered altar of Uskayaw.
  3785 | D:5      | Entered Level 5 of the Dungeon
  3827 | D:5      | Reached XP level 7. HP: 35/44 MP: 7/7
  3944 | D:5      | Reached skill level 5 in Axes
  4337 | D:5      | Reached skill level 5 in Fighting
  4690 | D:5      | Found a runed translucent gate.
  4690 | D:5      | Found a runed translucent gate.
  4690 | D:5      | Found a runed translucent gate.
  4691 | D:5      | Noticed p0werm0de's ghost (weakling DDFi)
  4703 | D:5      | Killed p0werm0de's ghost
  4749 | D:6      | Reached XP level 8. HP: 8/50 MP: 8/8
  4917 | D:6      | Found Udyfru's Antique Weapon Shoppe.
  4927 | D:6      | Reached skill level 6 in Axes
  4962 | D:6      | Reached skill level 5 in Armour
  4969 | D:6      | Got a polished leather armour
  5026 | D:6      | Identified the cursed +0 leather armour of Teseh {*Drain
                  | +Blink rElec Dex+4} (You found it on level 6 of the
                  | Dungeon)
  5370 | D:6      | Found a radiant altar of Vehumet.
  5498 | D:6      | Found a glowing golden altar of the Shining One.
  5638 | D:6      | Found a blossoming altar of Fedhas.
  5915 | D:7      | Reached skill level 7 in Axes
  6185 | D:7      | Reached XP level 9. HP: 51/56 MP: 9/9
  6348 | D:7      | Found a stormy altar of Qazlal.
  6489 | D:7      | Noticed Menkaure
  6489 | D:7      | Noticed Harold
  6498 | D:7      | Killed Menkaure
  6498 | D:7      | Reached skill level 1 in Evocations
  6505 | D:7      | Killed Harold
  6528 | D:7      | Found a staircase to the Ecumenical Temple.
  6665 | D:7      | Found an iron altar of Okawaru.
  6665 | D:7      | Found a bloodstained altar of Trog.
  6780 | D:7      | Reached skill level 8 in Axes
  7098 | D:7      | Reached ***** piety under Trog
  7228 | D:8      | Noticed Grum
  7228 | D:8      | Noticed Erica
  7245 | D:8      | Killed Erica
  7245 | D:8      | Reached XP level 10. HP: 36/64 MP: 10/10
  7480 | D:8      | Killed Grum
  7480 | D:8      | Reached skill level 9 in Axes
  7611 | D:8      | Received a gift from Trog
  7620 | D:8      | Found a white marble altar of Elyvilon.
  7683 | D:8      | Found an opulent altar of Gozag.
  7688 | D:8      | Found an ornate altar of the Wu Jian Council.
  7857 | D:8      | Found a burning altar of Makhleb.
  7908 | D:8      | Found an ancient bone altar of Kikubaaqudgha.
  8818 | D:9      | Reached skill level 10 in Axes
  8829 | D:9      | Noticed a three-headed hydra
  8833 | D:9      | Killed a one-headed hydra
  8833 | D:9      | Reached XP level 11. HP: 71/71 MP: 11/11
  8953 | D:10     | Entered Level 10 of the Dungeon
  8970 | D:10     | Found a staircase to the Orcish Mines.
  9015 | D:10     | Found a roughly hewn altar of Beogh.
  9139 | D:10     | Reached skill level 11 in Axes
  9242 | D:10     | Found a staircase to the Lair.
  9729 | D:11     | Found a transporter.
  9730 | D:11     | Noticed Queen's ghost (journeyman DrSu)
  9745 | D:11     | Found a transporter.
  9751 | D:11     | Noticed a boulder beetle
  9766 | D:11     | Killed a boulder beetle
  9766 | D:11     | Reached skill level 10 in Fighting
  9888 | D:11     | Noticed a deep elf mage
  9893 | D:11     | Killed a deep elf mage
  9928 | D:11     | Noticed a boulder beetle
  9952 | D:11     | HP: 1/73 [boulder beetle (22)]
  9956 | D:11     | Killed a boulder beetle
  9956 | D:11     | Reached skill level 12 in Axes
 10098 | D:11     | Found the +8 storm bow {elec, penet}
 10129 | D:11     | Noticed a seven-headed hydra
 10136 | D:11     | Killed a five-headed hydra
 10226 | D:11     | Noticed a manticore
 10226 | D:11     | Noticed a yaktaur captain
 10226 | D:11     | Noticed a sphinx
 10232 | D:11     | Killed an unseen horror
 10232 | D:11     | Reached XP level 12. HP: 79/79 MP: 12/12
 10243 | D:11     | Killed a sphinx
 10254 | D:11     | Killed a yaktaur captain
 10254 | D:11     | Reached skill level 13 in Axes
 10688 | D:11     | Received a gift from Trog
 10911 | D:12     | Found Toqo's Magic Scroll Emporium.
 10919 | D:12     | Bought a scroll of teleportation for 45 gold pieces
 10919 | D:12     | Bought a scroll of teleportation for 45 gold pieces
 10919 | D:12     | Bought 2 scrolls of identify for 60 gold pieces
 10919 | D:12     | Bought a scroll of teleportation for 45 gold pieces
 10919 | D:12     | Bought a scroll of teleportation for 45 gold pieces
 10919 | D:12     | Bought a scroll of teleportation for 45 gold pieces
 10919 | D:12     | Bought a scroll of fog for 30 gold pieces
 10919 | D:12     | Bought a scroll of fog for 30 gold pieces
 11047 | D:12     | Found a shimmering blue altar of Sif Muna.
 11054 | D:12     | Found a transporter.
 11062 | D:12     | Found a transporter.
 11063 | D:12     | Noticed azazuza's ghost (journeyman DDFi)
 11718 | D:12     | Noticed Rupert
 11738 | D:12     | Killed Rupert
 11922 | D:13     | Reached skill level 5 in Evocations
 11924 | D:13     | Found a portal to a secret trove of treasure.
 12072 | D:13     | Noticed a two-headed ogre
 12078 | D:13     | Killed a two-headed ogre
 12080 | D:13     | Reached XP level 13. HP: 86/86 MP: 13/13
 12139 | D:13     | Reached skill level 14 in Axes
 12701 | D:13     | Found a gate to the Vaults.
 13336 | D:14     | Found the +8 Wrath of Trog {antimagic, *Rage}
 13675 | D:14     | Noticed Agnes
 13791 | D:14     | Killed Agnes
 13809 | D:14     | HP: 4/87 [death yak[a spriggan berserker] (30)]
 13810 | D:14     | Annihilated by a spriggan berserker

Illustrated notes

Levels and vault maps discovered:
D:1:      ncdulo_smallfort, layout_basic, minmay_misc_feat_alley,
          minmay_pentomino_z2
D:2:      layout_rooms, minmay_shallow_snake_nest, uniq_robin
D:3:      layout_rooms, nicolae_overflow_crystal_walls, chequers_arboretum,
          st_stairs_14
D:4:      layout_loops_ring, nicolae_overflow_hidden_temple,
          xom_confusion_cloud, minmay_misc_feat_doors, columned_hall_lemuel
D:5:      layout_rooms, ebering_ghost_rock_garden
D:6:      layout_loops_ring, fiery_altar_vehumet, fedhas_altar_4, serial_shops,
          shop, basic_altar
D:7:      layout_basic, grunt_temple_overflow_bloody_war,
          nicolae_qazlal_general_emergency, minmay_temple_entry_butterflies,
          serial_bayou_lagoon_a, uniq_harold, uniq_menkaure,
          uniq_crazy_yiuf_cottage
D:8:      layout_rooms, lemuel_zombie_altar_kikubaaqudgha, elyvilon_altar_1,
          kennysheep_mini, minitemple, uniq_grum, uniq_erica
D:9:      layout_loops_corners, minivault_20, hangedman_ranch
          [blue_anna_fruit_fields]
D:10:     layout_small_grid, erik_lair_orcish_takeover,
          minmay_orc_entry_temple_small, chequers_serial_rivers_small_b
D:11:     layout_roguey [special_room_bee], gammafunk_ghost_stat_death,
          wad_scary_box
D:12:     layout_stronghold, gammafunk_ghost_stat_death, serial_shops,
          nicolae_shop_statue_plus, basic_altar, uniq_rupert
D:13:     layout_roguey, erik_vaults_1, nicolae_trove_entry_crossroad,
          minmay_misc_feat_rows
D:14:     layout_cave_pods, minmay_guarded_unrand_wrath_of_trog, uniq_agnes

Skill      XL: |  1  2  3  4  5  6  7  8  9 10 11 12 13 |
---------------+----------------------------------------+-----
Axes           | 3 4 5 7 8 10 12 13 14 | 14.7
Dodging        | 2 3 |  3.8
Shields        | 1 2 3 4 |  4.0
Armour         | 3 4 5 7 8 9 |  9.1
Fighting       | 4 5 6 7 9 10 12 | 12.8
Evocations     | 3 4 5 6 |  6.4

Action                   |  1- 3 |  4- 6 |  7- 9 | 10-12 | 13-15 || total
-------------------------+-------+-------+-------+-------+-------++-------
Melee: Hand axe          |    84 |   362 |   350 |    27 |     4 ||   827
       Broad axe         |       |       |       |   442 |   191 ||   633
Invok: Berserk           |     2 |     3 |     9 |    11 |     9 ||    34
       Trog's Hand       |       |       |     3 |     7 |     9 ||    19
       Brothers in Arms  |       |       |       |     2 |       ||     2
Evoke: Wand              |       |       |       |       |     6 ||     6
  Use: Scroll            |       |       |    12 |     8 |     8 ||    28
       Potion            |       |       |       |       |     2 ||     2
 Stab: Sleeping          |     1 |       |       |       |       ||     1
Armor: Animal skin       |    29 |   231 |       |       |       ||   260
       Scale mail        |       |       |   165 |    20 |       ||   185
       Skin              |       |       |     2 |       |       ||     2
       Chain mail        |       |       |       |   173 |       ||   173
       Plate armour      |       |       |       |    77 |   205 ||   282
Dodge: Dodged            |    51 |   176 |    89 |   161 |    87 ||   564
Block: Kite shield       |    28 |   172 |    96 |       |       ||   296
       Tower shield      |       |       |    70 |   410 |   188 ||   668

Table legend: (Time is in decaauts)
 A = Elapsed time spent in this place.
 B = Non-inter-level travel time spent in this place.
 C = Inter-level travel time spent in this place.
 D = Time resting spent in this place.
 E = Time spent auto-exploring this place.
 F = Levels seen in this place.
 G = Mean time per level.
                   A        B        C        D        E       F      G
               +--------+--------+--------+--------+--------+-----+--------+
         Total |  14353 |  14050 |    303 |    331 |  10528 |  14 | 1025.2 |
       Dungeon |  14353 |  14050 |    303 |    331 |  10528 |  14 | 1025.2 |
               +--------+--------+--------+--------+--------+-----+--------+

Top non-repeatable levels by time:
     D:7: 1614 daAuts
     D:2: 1287 daAuts
    D:11: 1193 daAuts
     D:6: 1161 daAuts
    D:14: 1100 daAuts
    D:12: 1058 daAuts
     D:4: 1015 daAuts
     D:9: 990 daAuts
     D:5: 985 daAuts
    D:13: 937 daAuts
     D:3: 855 daAuts
    D:10: 795 daAuts
     D:1: 748 daAuts
     D:8: 608 daAuts
